 Dungeon Crawl Stone Soup version 0.25-a0-167-g836c352ace (console) character file.

Game seed: 8702467252465401428, levelgen mode: deterministic

72 Kagalorn the Shooter (level 4, -2/36 HPs)
             Began as a Centaur Hunter on Nov 25, 2019.
             Slain by Natasha (8 damage)
             ... on level 2 of the Dungeon.
             The game lasted 00:03:39 (1262 turns).

Kagalorn the Shooter (Centaur Hunter)               Turns: 1262, Time: 00:03:39

Health: -2/36      AC:  5    Str: 14    XL:     4   Next: 7%
Magic:  4/4        EV:  9    Int: 11    God:
Gold:   123        SH:  0    Dex: 10    Spells: 3/3 levels left

rFire    . . .     SeeInvis .   a - +1 shortbow
rCold    . . .     Gourm    .   (shield currently unavailable)
rNeg     . . .     Faith    .   c - +0 leather armour
rPois    .         Spirit   .   (no helmet)
rElec    .         Reflect  .   (no cloak)
rCorr    .         Harm     .   i - +0 pair of gloves
MR       .....                  (no barding)
Stlth    +.........             (no amulet)
HPRegen  0.12/turn              (no ring)
MPRegen  0.09/turn              (no ring)

@: very quick
A: large, hooves 3, deformed body, speed 2, tough skin 3
a: no special abilities


You were on level 2 of the Dungeon.
You were not hungry.

You visited 1 branch of the dungeon, and saw 2 of its levels.

You collected 123 gold pieces.

Inventory:

Hand Weapons
 a - a +1 shortbow (weapon)
 b - a +0 short sword
Missiles
 d - 26 arrows (quivered)
Armour
 c - a +0 leather armour (worn)
 i - a +0 pair of gloves (worn)
Scrolls
 h - a scroll of remove curse {unknown}
 j - a scroll of magic mapping {unknown}
 k - a scroll of enchant armour {unknown}
 l - a scroll of identify {unknown}
 m - a scroll of teleportation {unknown}
Potions
 e - a potion of flight {unknown}
 g - a potion of curing {unknown}
 n - a potion of heal wounds {unknown}
Comestibles
 f - 5 rations


   Skills:
 - Level 2.0 Fighting
 * Level 7.5 Bows
 - Level 1.3 Dodging
 - Level 0.4 Stealth


You had 3 spell levels left.
You didn't know any spells.
Your spell library was empty.

Dungeon Overview and Level Annotations

Branches:
Dungeon (2/15)

Altars:
Trog

Annotations:
D:2 Natasha


Innate Abilities, Weirdness & Mutations

You have hooves in place of feet.
Armour fits poorly on your strangely shaped body.
You cover ground very quickly.
You have extremely tough skin. (AC +3)


Message History

You shoot an arrow. The arrow barely misses Natasha.
Natasha casts a spell at you. The magic dart hits you!
Firing (i - inventory)
d - 29 arrows (quivered)
Press: ? - help, Shift-Dir - straight line, f/p - Natasha
Aim: Natasha (heavily wounded)
You shoot an arrow. The arrow barely misses Natasha.
Natasha claws you!
* * * LOW HITPOINT WARNING * * *
Firing (i - inventory)
d - 28 arrows (quivered)
Press: ? - help, Shift-Dir - straight line, f/p - Natasha
Aim: Natasha (moderately wounded)
You shoot an arrow. The arrow completely misses Natasha.
Natasha casts a spell.
Firing (i - inventory)
d - 27 arrows (quivered)
Press: ? - help, Shift-Dir - straight line, f/p - Natasha
Aim: Natasha (moderately wounded)
You shoot an arrow. The arrow hits Natasha.
Natasha is heavily wounded.
Natasha claws you!
You die...

......# ......## .. .. .
....... .# .#. .....# ..
.#. .....## .###..
......# ...(### .....#
.(5.. .....# #h.# ....##
#@# ....# #.# ....## #.#
.....# #####.###.##
.....#######............
.............#...#######
.....##.##########
.....##.## .........#


You could see Natasha and a crimson imp.

Vanquished Creatures
  3 adders (D:2)
  A worm (D:2)
  2 dart slugs
  2 leopard geckos (D:1)
  A ball python (D:1)
  A goblin (D:1)
  5 hobgoblins
  8 bats
  2 frilled lizards (D:1)
  8 kobolds
  4 rats
  A toadstool (D:1)
38 creatures vanquished.

Vanquished Creatures (others)
  3 toadstools (D:1)
3 creatures vanquished.

Grand Total: 41 creatures vanquished

Notes
Turn   | Place    | Note
-------+----------+-------------------------------------------
     0 | D:1      | Kagalorn the Centaur Hunter began the quest for the Orb.
     0 | D:1      | Reached XP level 1. HP: 17/17 MP: 1/1
   158 | D:1      | Reached XP level 2. HP: 16/24 MP: 2/2
   206 | D:1      | Reached skill level 6 in Bows
   508 | D:1      | Reached XP level 3. HP: 25/29 MP: 3/3
   724 | D:2      | Found a bloodstained altar of Trog.
   867 | D:2      | Reached skill level 7 in Bows
   901 | D:2      | Reached XP level 4. HP: 12/36 MP: 4/4
  1253 | D:2      | Noticed Natasha
  1262 | D:2      | Slain by Natasha

Levels and vault maps discovered:
D:1:      ldierk_water_garden, layout_loops_ring, minmay_tetromino_l2
D:2:      layout_rooms, bloody_trog, gammafunk_temple_overflow_statue,
          uniq_natasha

Skill      XL: |  1  2  3 |
---------------+----------+-----
Bows           | 6 7 |  7.5
Fighting       | |  2.0
Dodging        | |  1.3
Stealth        | |  0.4

Action                   |  1- 3 |  4- 6 || total
-------------------------+-------+-------++-------
Melee: Short sword       |    90 |     1 ||    91
       Kick              |    15 |     1 ||    16
 Fire: Shortbow          |    17 |     8 ||    25
Armor: Leather armour    |    52 |       ||    52
Dodge: Dodged            |    51 |       ||    51

Table legend:
 A = Non-vault XP
 B = Vault XP
 C = Vault XP percentage of total XP
 D = Non-vault monster count
 E = Vault monster count
 F = Vault count percentage of total count
                 A         B        C        D         E       F
            +---------+---------+-------+---------+---------+-------
      Total |      99 |       5 |   4.8 |      35 |       2 |   5.4
            +---------+---------+-------+---------+---------+-------
        D:1 |      44 |       5 |  10.2 |      25 |       2 |   7.4
        D:2 |      55 |       0 |   0.0 |      10 |       0 |   0.0
            +---------+---------+-------+---------+---------+-------
